 Dungeon Crawl Stone Soup version 0.27.1-35-g4d5d836560 (console) character file.

Game seed: 11359433607649337582

2006 Banquo the Cleaver (level 9, -12/68 HPs)
             Began as a Formicid Fighter on Mar 13, 2022.
             Was an Initiate of Wu Jian.
             Mangled by a two-headed ogre (28 damage)
             ... on level 10 of the Dungeon.
             The game lasted 00:22:06 (7408 turns).

Banquo the Cleaver (Formicid Fighter)               Turns: 7408, Time: 00:22:07

Health: -12/68     AC: 11    Str: 24    XL:     9   Next: 45%
Magic:  9/9        EV: 12    Int:  8    God:    Wu Jian [......]
Gold:   193        SH: 11    Dex: 10    Spells: 8/8 levels left

rFire    . . .     SeeInvis +   J - +1 war axe
rCold    . . .     Faith    .   c - +1 kite shield
rNeg     . . .     Spirit   .   m - +0 chain mail
rPois    .         Reflect  .   (helmet unavailable)
rElec    .         Harm     .   (no cloak)
rCorr    .         Rampage  .   (no gloves)
Will     .....                  f - +0 pair of boots
Stlth    ..........             (no amulet)
HPRegen  0.21/turn              L - ring of flight
MPRegen  0.11/turn              V - +4 ring of evasion

@: flying
A: permanent stasis, dig shafts and tunnels, antennae 3, four strong arms
a: Dig, Shaft Self, Renounce Religion


You were on level 10 of the Dungeon.
You worshipped Wu Jian.
Wu Jian was noncommittal.
You visited 1 branch of the dungeon, and saw 8 of its levels.
You also visited: Ossuary.

You collected 400 gold pieces.
You spent 207 gold pieces at shops.

Inventory:

Hand Weapons
 a - a +1 battleaxe of venom
 J - a +1 war axe (weapon)
 K - a +0 trident
Missiles
 i - a curare-tipped dart
 k - 118 stones
 l - 5 boomerangs
 v - 20 poisoned darts
Armour
 b - a +0 scale mail
 c - a +1 kite shield (worn)
 f - a +0 pair of boots (worn)
 m - a +0 chain mail (worn)
Jewellery
 L - a ring of flight (left hand)
 V - a +4 ring of evasion (right hand)
Wands
 g - a wand of acid (8)
 r - a wand of iceblast (6)
 s - a wand of flame (31)
Scrolls
 e - 4 scrolls of enchant weapon
 o - 2 scrolls of enchant armour
 A - a scroll of acquirement
 C - a scroll of fear
 E - 2 scrolls of amnesia
 F - a scroll of fog
Potions
 d - 2 potions of might
 h - 2 potions of curing {unknown}
 j - 3 potions of heal wounds
 n - a potion of cancellation {unknown}
 p - 2 potions of invisibility {unknown}
 q - 2 potions of mutation {unknown}
 t - 3 potions of flight
 u - a potion of brilliance {unknown}
 w - a potion of resistance {unknown}
 z - 2 potions of attraction {unknown}
 B - a potion of magic {unknown}
 D - a potion of haste {unknown}
 H - a potion of degeneration {unknown}
 I - a potion of lignification {unknown}


   Skills:
 * Level 5.0 Fighting
 * Level 9.0 Axes
 * Level 5.8 Armour
 * Level 2.7 Dodging
 * Level 6.3 Shields


You had 8 spell levels left.
You didn't know any spells.
Your spell library contained the following spells:

 Spells                   Type           Power      Damage    Failure   Level
 Magic Dart               Conj           0%         1d3       99%         1
 Call Imp                 Summ           0%         N/A       100%        2
 Mephitic Cloud           Conj/Pois/Air  0%         N/A       100%        3


Dungeon Overview and Level Annotations

Branches:
Dungeon (7/15)            Ossuary (visited)
 Temple: D:4-7

Altars:
Ashenzari
Kikubaaqudgha
Nemelex Xobeh
Sif Muna
Wu Jian

Shops:
D:5 *


Innate Abilities, Weirdness & Mutations

You cannot be hasted, slowed, berserked, paralysed or teleported.
You can dig through walls and to a lower floor.
You have a pair of large antennae on your head. (SInv)
Your four strong arms can wield two-handed weapons with a shield.


Message History

Found an escape hatch in the floor.
There is an open door here.
You extend your mandibles.
You dig through the rock wall.
You dig through the rock wall.
You dig through the rock wall.
You dig through the rock wall.
You dig through the rock wall.
You dig through the rock wall.
You dig through the rock wall.
You dig through the rock wall.
You dig through the rock wall.
You dig through the rock wall.
You dig through the rock wall.
You dig through the rock wall.
You dig through the rock wall.
Found a short sword.
You retract your mandibles.
You reach down and open the door.
There is an open door here.
Found 6 gold pieces.
You now have 193 gold pieces (gained 6).
A two-headed ogre comes into view. It is wielding two +0 giant clubs.
You hit the two-headed ogre.
The two-headed ogre is lightly wounded.
The two-headed ogre completely misses you.
You block the two-headed ogre's attack.
You hit the two-headed ogre.
The two-headed ogre is lightly wounded.
The two-headed ogre hits you with a +0 giant club!!
The two-headed ogre barely misses you.
You barely miss the two-headed ogre.
The two-headed ogre is lightly wounded.
You hit the two-headed ogre but do no damage.
The two-headed ogre is lightly wounded.
The two-headed ogre hits you with a +0 giant club!!
The two-headed ogre hits you with a +0 giant club!
* * * LOW HITPOINT WARNING * * *
Unknown command.
The two-headed ogre hits you with a +0 giant club!!
You die...

.........# #.# #.# #.#
#######..###.# #.# #.#
##### #..#...# #.###.#
#...# #..#.#####...#.#
#...# #..#.##......#.#
#...# #..#.##.######.#
#...#
#..#.#.........###...#
#######O#...........'...#
........@.#.#########....
....##.......... #...# ..
.......#..... #....
#.############# #.... #
+.... #)... #.... #....
....


You could see a two-headed ogre.

Vanquished Creatures
  2 ice beasts
  A hornet zombie (D:5)
  3 black bears
  3 ogres
  2 phantoms (D:5)
  2 centaurs (D:5)
  A kobold brigand (D:10)
  A scorpion (D:6)
  3 bullfrog zombies
  A jelly (D:6)
  3 orc priests
  6 hounds
  Ijyb (D:4)
  3 orc wizards
  3 mummies (Ossuary)
  Robin (D:2)
  4 gnolls (D:5)
  5 adders
  An ufetubus (D:6)
  4 adder zombies (Ossuary)
  An adder skeleton (D:4)
  4 dart slugs
  11 orcs
  3 endoplasms
  4 giant cockroaches
  A gnoll zombie (Ossuary)
  17 goblins
  10 hobgoblins
  3 jackals (D:2)
  7 kobolds
  7 quokkas
  10 ball pythons
  5 bats
  2 frilled lizards
  4 goblin zombies (Ossuary)
  A hobgoblin zombie (Ossuary)
  An orc zombie (Ossuary)
  3 quokka zombies (Ossuary)
  13 rats
  4 rat zombies (Ossuary)
161 creatures vanquished.

Vanquished Creatures (others)
  4 plants (D:1)
4 creatures vanquished.

Grand Total: 165 creatures vanquished

Notes
Turn   | Place    | Note
-------+----------+-------------------------------------------
     0 | D:1      | Banquo the Formicid Fighter began the quest for the Orb.
     0 | D:1      | Reached XP level 1. HP: 18/18 MP: 1/1
    82 | D:1      | Reached XP level 2. HP: 24/24 MP: 2/2
   124 | D:1      | Reached skill level 3 in Axes
   492 | D:1      | Reached XP level 3. HP: 29/29 MP: 3/3
  1357 | D:2      | Noticed Robin
  1373 | D:2      | Killed Robin
  1374 | D:2      | Reached skill level 4 in Axes
  1374 | D:2      | Reached XP level 4. HP: 35/35 MP: 4/4
  2112 | D:3      | Noticed an ogre
  2121 | D:3      | Killed an ogre
  2122 | D:3      | Reached skill level 5 in Axes
  2122 | D:3      | Reached XP level 5. HP: 41/41 MP: 5/5
  2495 | D:3      | Reached XP level 6. HP: 47/47 MP: 6/6
  2611 | D:3      | Reached skill level 6 in Axes
  3000 | D:4      | Noticed an ogre
  3093 | D:4      | Found an ancient bone altar of Kikubaaqudgha.
  3224 | D:4      | Noticed Ijyb
  3245 | D:4      | Killed Ijyb
  3402 | D:4      | Killed an ogre
  3403 | D:4      | Reached XP level 7. HP: 16/52 MP: 7/7
  3981 | D:5      | Entered Level 5 of the Dungeon
  4158 | D:5      | Reached skill level 7 in Axes
  4543 | D:5      | Reached skill level 1 in Dodging
  4566 | D:5      | Reached XP level 8. HP: 36/60 MP: 8/8
  4577 | D:5      | You are sucked into a shaft and drop 2 floors!
  4963 | D:6      | Found a sand-covered staircase.
  4985 | Ossuary  | Entered an ossuary
  5215 | D:6      | Found a sparkling altar of Nemelex Xobeh.
  5290 | D:5      | Reached skill level 5 in Shields
  5382 | D:5      | Reached skill level 8 in Axes
  5382 | D:5      | Reached skill level 5 in Armour
  5627 | D:5      | Found a shimmering blue altar of Sif Muna.
  5627 | D:5      | Found a broken altar of Ashenzari.
  5744 | D:5      | Reached XP level 9. HP: 46/66 MP: 9/9
  6249 | D:5      | Found Mimy's Mayhem Merchandise.
  6266 | D:5      | Bought a +1 battleaxe of venom for 207 gold pieces
  6806 | D:6      | Found an ornate altar of the Wu Jian Council.
  7170 | D:6      | Became a worshipper of the Wu Jian Council
  7224 | D:7      | Reached skill level 9 in Axes
  7228 | D:7      | You are sucked into a shaft and drop 3 floors!
  7228 | D:10     | Entered Level 10 of the Dungeon
  7246 | D:10     | Identified a scroll of acquirement
  7303 | D:10     | Reached skill level 5 in Fighting
  7389 | D:10     | Noticed a two-headed ogre
  7408 | D:10     | Mangled by a two-headed ogre

Illustrated notes

Levels and vault maps discovered:
D:1:      dpeg_arrival_subterranean_lakeside_camping, layout_loops_ring,
          serial_bayou, serial_bayou_pond_c, serial_bayou_shore_b,
          serial_bayou_ford_a, serial_bayou_pond_d, serial_bayou_pond_b,
          grunt_decor_resistance, minmay_misc_feat_tiny,
          chequers_serial_rivers_micro_c
D:2:      layout_loops_ring, uniq_robin
D:3:      layout_basic, dk_noncrumbling_2
D:4:      layout_loops_ring, lemuel_tele_altar, uniq_ijyb
D:5:      layout_basic, mainiacjoe_overflow_large_starburst, dk_vineyard_3,
          minmay_shop_mayhem
D:6:      layout_loops_ring, mainiacjoe_overflow_paths,
          nzn_wu_jian_council_hall, nicolae_ossuary_entry_ruins,
          nrook_mini_vaults, kennysheep_cross_bottleneck
D:7:      layout_rooms, general_overflow_altar, temple_statues,
          uniq_crazy_yiuf_cottage
D:10:     layout_basic

Skill      XL: |  1  2  3  4  5  6  7  8  9 |
---------------+----------------------------+-----
Axes           | 3 4 5 6 7 8 9 |  9.0
Shields        | 4 5 6 |  6.3
Armour         | 4 5 |  5.8
Dodging        | 1 2 |  2.7
Fighting       | 4 5 |  5.0

Action                   |  1- 3 |  4- 6 |  7- 9 || total
-------------------------+-------+-------+-------++-------
Melee: War axe           |   114 |   177 |   296 ||   587
Invok: Lunge             |       |       |     1 ||     1
 Abil: Dig               |     2 |    10 |     8 ||    20
       Shaft Self        |       |       |     1 ||     1
  Use: Scroll            |       |     7 |     7 ||    14
 Stab: Distracted        |       |       |     1 ||     1
Armor: Scale mail        |    49 |    34 |       ||    83
       Chain mail        |       |    14 |   119 ||   133
Dodge: Dodged            |    28 |   101 |   127 ||   256
Block: Kite shield       |    64 |    78 |   175 ||   317
